 Dungeon Crawl Stone Soup version 0.30-a0-989-g0d87f670db (webtiles) character file.

Game seed: 10427679352310204868

182 jtron the Cudgeller (level 5, -6/38 HPs)
             Began as a Demonspawn Wanderer on Apr 2, 2023.
             Was a Priest of Vehumet.
             Blown up by Ijyb (9 damage)
             ... with a mindburst bolt
             ... on level 4 of the Dungeon.
             The game lasted 00:13:25 (3353 turns).

jtron the Cudgeller (Demonspawn Wanderer)           Turns: 3353, Time: 00:13:26

Health: -6/38      AC:  4    Str: 13    XL:     5   Next: 34%
Magic:  2/6        EV: 12    Int: 12    God:    Vehumet [***...]
Gold:   270        SH:  0    Dex: 15    Spells: 4/6 levels left

rFire   . . .      SeeInvis +    a - +2 mace
rCold   . . .      Faith    .    (no shield)
rNeg    . . .      Spirit   .    e - +0 leather armour
rPois   .          Reflect  .    (no helmet)
rElec   .          Rampage  .    (no cloak)
rCorr   .                        (no gloves)
Will    .....                    c - +0 pair of boots
Stlth   +                        (no amulet)
HPRegen 0.26/turn                f - ring of flight
MPRegen 0.20/turn                o - ring of see invisible

@: flying
A: claws 1, magic regeneration
a: Renounce Religion


You were on level 4 of the Dungeon.
You worshipped Vehumet.
Vehumet was most pleased with you.
You visited 1 branch of the dungeon, and saw 4 of its levels.

You collected 270 gold pieces.

Inventory:

Hand Weapons
 a - a +2 mace (weapon)
 b - a +0 sling
 l - a +1 short sword of freezing
Missiles
 i - 5 javelins
 n - 45 stones
Armour
 c - a +0 pair of boots (worn)
 e - a +0 leather armour (worn)
Jewellery
 f - a ring of flight (left claw)
 g - a ring of positive energy
 o - a ring of see invisible (right claw)
Scrolls
 d - 2 scrolls of teleportation
 m - a scroll of noise {unknown}
 q - a scroll of enchant weapon {unknown}
 s - a scroll of magic mapping {unknown}
Potions
 h - a potion of invisibility {unknown}
 j - 2 potions of magic
 p - a potion of ambrosia
 r - a potion of might {unknown}


   Skills:
 + Level 1.6 Fighting
 + Level 1.7 Short Blades
 + Level 3.9 Maces & Flails
 + Level 1.0 Throwing
 - Level 1.1 Armour
 - Level 3.0 Dodging
 + Level 0.7 Stealth
 * Level 1.3 Spellcasting
 + Level 1.1 Conjurations
 * Level 0.7 Necromancy
 + Level 1.3 Fire Magic


You had 4 spell levels left.
You knew the following spells:

 Your Spells              Type           Power      Damage    Failure   Level
a - Foxfire               Conj/Fire      12%        2x1d2     6%          1
b - Necrotise             Necr           8%         1d4       28%         1

Your spell library contained the following spells:

 Spells                   Type           Power      Damage    Failure   Level
 Stone Arrow              Conj/Erth      4%         3d7       22%         3
 Freeze                   Ice            0%         1d3       11%         1
 Hailstorm                Conj/Ice       2%         3d3       22%         3
 Ignite Poison            Fire/Tmut/Pois 1%         N/A       24%         3
 Kindle Blastsparks       Fire/Tloc/Air  2%         2d10      24%         3
 Apportation              Tloc           0%         N/A       36%         1
 Beastly Appendage        Tmut           0%         N/A       36%         1
 Sting                    Tmut/Pois      0%         1d3       36%         1
 Summon Small Mammal      Summ           0%         N/A       36%         1
 Freezing Cloud           Conj/Ice/Air   0%         6-21      88%         5
 Storm Form               Tmut/Air       0%         N/A       100%        7


Dungeon Overview and Level Annotations

Branches:
Dungeon (4/15)
 Temple: D:4-7

Altars:
Vehumet

Annotations:
D:3 2 runed translucent doors, Azronical's ghost, amateur DrTm
D:4 Ijyb


Innate Abilities, Weirdness & Mutations

You have sharp fingernails.
You regenerate magic rapidly.


Message History

Ijyb resists with some effort.
Ijyb hits you with a +0 club.
Casting: Necrotise (safe; 28% risk of failure)
Confirm with . or Enter, or press ? or * to list all spells.
Aiming: Necrotise (safe; 28% risk of failure)
Press: ? - help, Shift-Dir - straight line, f/p - Ijyb
Aim: Ijyb, wielding a +0 club, wearing a +0 leather armour and carrying a wand of mindburst (16) (heavily wounded, chance to affect: 50%) Ijyb resists with some effort.
Ijyb barely misses you.
Casting: Necrotise (safe; 28% risk of failure)
Confirm with . or Enter, or press ? or * to list all spells.
Aiming: Necrotise (safe; 28% risk of failure)
Press: ? - help, Shift-Dir - straight line, f/p - Ijyb
Aim: Ijyb, wielding a +0 club, wearing a +0 leather armour and carrying a wand of mindburst (16) (heavily wounded, chance to affect: 50%) Ijyb writhes in agony.
Ijyb hits you with a +0 club.
Casting: Necrotise (safe; 28% risk of failure)
Confirm with . or Enter, or press ? or * to list all spells.
You conjure some foxfire!
Ijyb closely misses you.
Unknown command.
Casting: Foxfire (safe; 6% risk of failure)
Confirm with . or Enter, or press ? or * to list all spells.
Aiming: Necrotise (safe; 28% risk of failure)
Press: ? - help, Shift-Dir - straight line, f/p - Ijyb
Aim: Ijyb, wielding a +0 club, wearing a +0 leather armour and carrying a wand of mindburst (16) (heavily wounded, ally target, chance to affect: 50%) Ijyb resists with some effort.
The foxfire hits Ijyb but does no damage.
Ijyb is heavily wounded.
The foxfire hits Ijyb but does no damage.
Ijyb is heavily wounded.
Ijyb barely misses you.
You hit Ijyb.
Ijyb is severely wounded.
Ijyb hits you with a +0 club.
You hit Ijyb but do no damage.
Ijyb is severely wounded.
Ijyb barely misses you.
You closely miss Ijyb.
Ijyb is severely wounded.
Ijyb zaps a wand.
Your mind is blasted!
* * * LOW HITPOINT WARNING * * *
Ijyb zaps a wand.
Your mind is blasted!
You die...

..##
........####.......####..
..# ........## #..)..###
##.. .## .........#
#...### ##... ##
.........####### ##....
..........# #.....
..........# ##..... ##
..........# #...... .#
.......g..## #...... .#
.......?@..# ##...... .##
..........## #....... ..#
.......#### #.......
..####......### ##.######
..........## ##..#
....####....########
#..## ..### #.........##
##.## ###
###..........###..# #
#..............#.##


You could see Ijyb.

Vanquished Creatures
  An orc wizard (D:4)
  An iguana (D:4)
  3 adders
  2 worms
  4 dart slugs
  7 orcs
  9 ball pythons
  7 bats
  2 endoplasms
  4 giant cockroaches
  8 goblins
  5 hobgoblins
  7 jackals
  7 kobolds
  2 quokkas
  5 frilled lizards
  5 rats
79 creatures vanquished.

Vanquished Creatures (collateral kills)
  An orc (D:4)
1 creature vanquished.

Vanquished Creatures (others)
  90 foxfires
90 creatures vanquished.

Grand Total: 170 creatures vanquished

Notes
Turn   | Place    | Note
-------+----------+-------------------------------------------
     0 | D:1      | jtron the Demonspawn Wanderer began the quest for the Orb.
     0 | D:1      | jtron set off with the following items: a +2 mace, a +0
                  | short sword, a +0 pair of boots, a scroll of teleportation,
                  | a +0 leather armour.
     0 | D:1      | Reached XP level 1. HP: 15/15 MP: 1/1
   183 | D:1      | Gained mutation: You have sharp fingernails. [demonic
                  | ancestry]
   183 | D:1      | Reached XP level 2. HP: 21/21 MP: 2/2
   367 | D:1      | Found a faded altar of an unknown god.
   508 | D:1      | Prayed at the altar of an unknown god.
   508 | D:1      | Became a worshipper of Vehumet
   508 | D:1      | Reached * piety under Vehumet
   508 | D:1      | Offered knowledge of Foxfire by Vehumet.
   511 | D:1      | Learned a level 1 spell: Foxfire
  1121 | D:2      | Reached XP level 3. HP: 26/26 MP: 1/3
  1304 | D:2      | Got the Almanac of Xenomorphic Frost
  1463 | D:2      | Offered knowledge of Magic Dart by Vehumet.
  1518 | D:2      | Reached ** piety under Vehumet
  1598 | D:2      | Reached skill level 1 in Fire Magic
  1795 | D:2      | Gained mutation: You regenerate magic rapidly. [demonic
                  | ancestry]
  1795 | D:2      | Reached XP level 4. HP: 32/32 MP: 4/4
  2143 | D:3      | Found a runed translucent door.
  2348 | D:3      | Reached skill level 1 in Conjurations
  2402 | D:3      | Offered knowledge of Stone Arrow by Vehumet.
  2591 | D:3      | Found a runed translucent door.
  2801 | D:3      | Noticed Azronical's ghost (amateur DrTm)
  2960 | D:4      | Reached skill level 1 in Armour
  2960 | D:4      | Reached skill level 1 in Spellcasting
  2987 | D:4      | Learned a level 1 spell: Necrotise
  2998 | D:4      | Reached XP level 5. HP: 37/37 MP: 6/6
  3095 | D:4      | Reached *** piety under Vehumet
  3211 | D:4      | Noticed Ijyb
  3353 | D:4      | Blown up by Ijyb

Illustrated notes

Levels and vault maps discovered:
D:1:      dpeg_arrival_three_same_balls, layout_basic,
          nicolae_ecumenical_snake_handling, chequers_serial_rivers_room_b,
          minmay_misc_feat_encased, ebering_dispersal_statue_hall,
          hangedman_decor_points
D:2:      layout_basic, chequers_serial_rivers_small_a, minmay_strange_pillars,
          minivault_27
D:3:      layout_basic, ebering_ghost_sewer_f,
          amcnicky_mini_rare_corridor_liquid, minmay_randomly_rotated_circles
D:4:      layout_cave_pods, uniq_ijyb

Skill      XL: |  1  2  3  4 |
---------------+-------------+-----
Maces & Flails | 3 |  3.9
Dodging        | 3 |  3.0
Fire Magic     | 1 |  1.3
Conjurations   | 1 |  1.1
Armour         | 1 |  1.1
Spellcasting   | 1 |  1.3
Fighting       | |  1.6
Short Blades   | |  1.7
Throwing       | |  1.0
Stealth        | |  0.7
Necromancy     | |  0.7

Action                     |  1- 3 |  4- 6 || total
---------------------------+-------+-------++-------
  Melee: Mace              |   101 |    77 ||   178
         Punch             |     1 |       ||     1
  Throw: Stone             |     3 |       ||     3
   Cast: Foxfire           |    22 |    33 ||    55
         Necrotise         |       |    17 ||    17
    Use: Potion            |     1 |     4 ||     5
         Scroll            |       |     4 ||     4
   Stab: Sleeping          |     1 |     1 ||     2
 Armour: Leather armour    |    37 |    34 ||    71
  Dodge: Dodged            |    80 |   108 ||   188

Table legend: (Time is in decaauts)
 A = Elapsed time spent in this place.
 B = Non-inter-level travel time spent in this place.
 C = Inter-level travel time spent in this place.
 D = Time resting spent in this place.
 E = Time spent auto-exploring this place.
 F = Levels seen in this place.
 G = Mean time per level.
                   A        B        C        D        E       F      G
               +--------+--------+--------+--------+--------+-----+--------+
         Total |   3392 |   3271 |    121 |    140 |   2427 |   4 |  848.0 |
       Dungeon |   3392 |   3271 |    121 |    140 |   2427 |   4 |  848.0 |
               +--------+--------+--------+--------+--------+-----+--------+

Top non-repeatable levels by time:
     D:1: 1094 daAuts
     D:2: 929 daAuts
     D:3: 902 daAuts
     D:4: 465 daAuts
